 Seeded DCSS version 0.28-a0-1199-gef9e1dbd39 (webtiles) character file.

Game seed: 4018878354053487559 (custom seed)

1198 croobank the Vandal (level 8, -1/60 HPs)
             Began as a Demonspawn Monk on Dec 19, 2021.
             Was an Initiate of Gozag.
             Slain by a mummy (14 damage)
             ... in an ossuary.
             The game lasted 00:42:18 (6114 turns).

croobank the Vandal (Demonspawn Monk)               Turns: 6114, Time: 00:42:18

Health: -1/60      AC:  9    Str: 13    XL:     8   Next: 20%
Magic:  12/12      EV: 14    Int: 12    God:    Gozag
Gold:   214        SH:  0    Dex: 18    Spells: 9/13 levels left

rFire   . . .      SeeInvis .   a - +4 war axe (freeze)
rCold   . . .      Faith    .   (no shield)
rNeg    . . .      Spirit   .   r - +0 leather armour
rPois   .          Reflect  .   (no helmet)
rElec   .          Harm     .   h - +0 cloak
rCorr   .          Rampage  .   (no gloves)
Will    +....                   s - +0 pair of boots
Stlth   ++++......              (no amulet)
HPRegen 0.20/turn               m - +4 ring of protection
MPRegen 0.26/turn               (no ring)

@: gold aura
A: magic regeneration, sturdy frame 2, hooves 1, thin skeletal structure 1,
strong-willed 1
a: Renounce Religion, Potion Petition, Call Merchant, Bribe Branch


You were in an ossuary.
You worshipped Gozag.
Gozag was aware of your devotion.
You visited 1 branch of the dungeon, and saw 6 of its levels.
You also visited: Ossuary.

You collected 497 gold pieces.
You spent 283 gold pieces at shops.

Inventory:

Hand Weapons
 a - a +4 war axe of freezing (weapon)
 b - the +5 hunting sling "Gegyrirghiq" {speed, rPois rN+ Str+2}
   (You found it on level 4 of the Dungeon)

   Attacks with this weapon are significantly faster.
   Str:       It affects your strength (+2).
   rPois:     It protects you from poison.
   rN:        It protects you from negative energy.
 q - a +2 whip of freezing
 u - the +12 arbalest of the Nine Lives {elec, rPois Dex-3 Stlth+}
   (You found it on level 5 of the Dungeon)

   Any ammunition fired from it occasionally discharges a powerful burst of
   electricity upon striking a foe.
   Dex:       It affects your dexterity (-3).
   rPois:     It protects you from poison.
   Stlth:     It makes you more stealthy.
Missiles
 d - 6 boomerangs (quivered)
 f - 133 stones
 k - 34 sling bullets
 t - 9 poisoned darts
Armour
 h - a +0 cloak (worn)
 j - a +0 ring mail
 o - a +0 scale mail
 p - a +0 robe
 r - a +0 leather armour (worn)
 s - a +0 pair of boots (worn)
Jewellery
 m - a +4 ring of protection (left hand)
Scrolls
 c - 2 scrolls of identify {identify}
 i - 3 scrolls of teleportation {teleport}
Potions
 l - 2 potions of flight {flight, unknown}
 n - 3 potions of brilliance {brilliance, unknown}


   Skills:
 - Level 4.1 Fighting
 - Level 3.7 Axes
 + Level 4.8 Slings
 - Level 3.8 Dodging
 - Level 3.3 Stealth
 - Level 3.0 Spellcasting
 - Level 4.0 Hexes


You had 9 spell levels left.
You knew the following spells:

 Your Spells              Type           Power      Damage    Failure   Level
a - Slow                  Hex            44%        N/A       4%          1
b - Confusing Touch       Hex            11%        N/A       14%         3

Your spell library contained the following spells:

 Spells                   Type           Power      Damage    Failure   Level
 Sting                    Tmut/Pois      4%         1d3       24%         1
 Blink                    Tloc           2%         N/A       36%         2
 Poisonous Vapours        Pois/Air       2%         N/A       36%         2
 Stone Arrow              Conj/Erth      2%         3d7       58%         3
 Vampiric Draining        Necr           1%         2d6       58%         3
 Animate Armour           Summ/Erth      2%         N/A       94%         4
 Olgreb's Toxic Radiance  Pois           1%         N/A       94%         4
 Manifold Assault         Tloc           1%         N/A       100%        5
 Storm Form               Tmut/Air       0%         N/A       100%        7
 Lehudib's Crystal Spear  Conj/Erth      0%         10d2      100%        8


Dungeon Overview and Level Annotations

Branches:
Dungeon (6/15)             Temple (0/1) D:4         Ossuary (1/1)

Altars:
Gozag

Shops:
D:2 (


Innate Abilities, Weirdness & Mutations

You regenerate magic rapidly.
Your movements are less encumbered by armour. (ER -4)
You have large cloven feet.
You have a somewhat thin skeletal structure. (Dex +2, Stealth+)
You are strong-willed. (Will+)


Message History

The killer bee zombie misses you. x2
You slash the mummy!
The mummy is moderately damaged.
You slash the mummy! You freeze the mummy.
You destroy the mummy!
The killer bee zombie is distracted by your dazzling golden aura.
A mummy comes into view.
You catch the helpless killer bee zombie completely off-guard!
You slash the killer bee zombie!
You destroy the killer bee zombie!
Casting: Confusing Touch (dangerous; 14% risk of failure)
Confirm with . or Enter, or press ? or * to list all spells.
Your hands begin to glow red.
You hit the mummy but do no damage. The mummy hits you.
You hit the mummy but do no damage.
The mummy appears confused.
You slash the mummy!
The mummy is heavily damaged.
You strike the helpless mummy from behind!
You slash the mummy! You freeze the mummy.
You destroy the mummy!
You hit the mummy.
The mummy is lightly damaged.
The mummy barely misses you.
You slash the mummy! You freeze the mummy.
The mummy is severely damaged.
The mummy hits you!
* * * LOW HITPOINT WARNING * * *
You hit the mummy.
The mummy is almost destroyed.
You hit the mummy.
The mummy is almost destroyed.
The mummy hits you but does no damage.
You completely miss the mummy.
The mummy is almost destroyed.
The mummy closely misses you.
You barely miss the mummy.
The mummy is almost destroyed.
The mummy hits you!
You die...
Your body crumbles into a pile of gold.

≈≈##.##≈##Z##'##.###
#≈.'≈#...#.# #≈≈.##
#≈##M#.∩.### #≈≈#≈#
≈≈..Z#..∩# #≈..≈#
≈##≈.#####'#####$≈#≈#
≈#...$≈≈≈≈≈≈≈≈$.≈..≈#
≈#≈#≈#####≈#####.≈≈≈#
#≈P≈≈# #M..## ≈≈≈#≈#
#@$≈# ≈≈.≈≈# #...# ≈#
#≈# #.### # ... ..'
Z.≈ '#+# ≈P# . #


You could see a mummy.

Vanquished Creatures
  An orc warrior (D:4)
  An ice beast (D:4)
  A sky beast (D:5)
  An ogre (D:5)
  A wyvern zombie (Ossuary)
  4 bullfrog zombies (Ossuary)
  3 centaur zombies
  A hound (D:5)
  An iguana (D:5)
  11 mummies (Ossuary)
  Terence (D:2)
  Natasha (thrice) (D:3)
  A killer bee zombie (Ossuary)
  A hound skeleton (D:5)
  A howler monkey zombie (Ossuary)
  Robin (D:2)
  3 gnolls (D:5)
  4 adders
  An ufetubus (D:4)
  2 worms
  4 orcs (D:4)
  5 endoplasms
  3 giant cockroaches
  10 goblins
  3 hobgoblins
  6 quokkas
  2 ball pythons
  6 bats
  6 kobolds
  3 rats (D:1)
91 creatures vanquished.

Vanquished Creatures (others)
  5 withered plants (Ossuary)
5 creatures vanquished.

Grand Total: 96 creatures vanquished

Notes
Turn   | Place    | Note
-------+----------+-------------------------------------------
     0 | D:1      | croobank the Demonspawn Monk began the quest for the Orb.
     0 | D:1      | Reached XP level 1. HP: 18/18 MP: 1/1
   346 | D:1      | Gained mutation: You regenerate magic rapidly. [demonic
                  | ancestry]
   346 | D:1      | Reached XP level 2. HP: 24/24 MP: 2/2
   741 | D:2      | Found Ungyky's Weapon Shop.
   969 | D:2      | Found a faded altar of an unknown god.
   989 | D:2      | Prayed at the altar of an unknown god.
   989 | D:2      | Became a worshipper of Gozag Ym Sagoz the Greedy
  1245 | D:2      | Reached XP level 3. HP: 26/26 MP: 3/3
  1525 | D:2      | Noticed Terence
  1828 | D:2      | Noticed Robin
  1842 | D:2      | Killed Robin
  2092 | D:2      | Killed Terence
  2093 | D:2      | Reached XP level 4. HP: 18/36 MP: 4/4
  2727 | D:3      | Learned a level 1 spell: Slow
  2789 | D:3      | Noticed Natasha
  2801 | D:3      | Killed Natasha
  3084 | D:3      | Noticed Natasha
  3092 | D:3      | Killed Natasha
  3093 | D:3      | Gained mutation: Your movements are slightly less
                  | encumbered by armour. (ER -2) [demonic ancestry]
  3093 | D:3      | Reached XP level 5. HP: 42/42 MP: 5/5
  3109 | D:3      | Noticed Natasha
  3118 | D:3      | Killed Natasha
  3729 | D:4      | Identified the +5 hunting sling "Gegyrirghiq" {speed, rPois
                  | rN+ Str+2}
  3747 | D:4      | Learned a level 3 spell: Confusing Touch
  4009 | D:2      | Bought a +4 war axe of freezing for 283 gold pieces
  4127 | D:4      | Noticed an orc warrior
  4132 | D:4      | Gained mutation: You have a somewhat thin skeletal
                  | structure. (Dex +2, Stealth+) [potion of mutation]
  4132 | D:4      | Gained mutation: You are strong-willed. (Will+) [potion of
                  | mutation]
  4132 | D:4      | Gained mutation: You are weak. (Str -2) [potion of
                  | mutation]
  4132 | D:4      | Gained mutation: You have hidden genetic potential. [potion
                  | of mutation]
  4151 | D:4      | Killed an orc warrior
  4152 | D:4      | Reached skill level 1 in Slings
  4152 | D:4      | Gained mutation: Your movements are less encumbered by
                  | armour. (ER -4) [demonic ancestry]
  4152 | D:4      | Reached XP level 6. HP: 24/48 MP: 3/6
  4405 | D:4      | Found a staircase to the Ecumenical Temple.
  4405 | D:4      | Noticed an ice beast
  4421 | D:4      | HP: 1/48 [ice beast (14)]
  4734 | D:4      | Killed an ice beast
  4735 | D:4      | Reached skill level 1 in Spellcasting
  4735 | D:4      | Lost mutation: You are weak. (Str -2) [hidden potential]
  4983 | D:4      | Noticed an orc warrior
  4993 | D:5      | Entered Level 5 of the Dungeon
  5123 | D:5      | Reached XP level 7. HP: 37/54 MP: 5/10
  5312 | D:5      | Gained mutation: You have large cloven feet. [hidden
                  | potential]
  5312 | D:5      | Lost mutation: You have hidden genetic potential. [hidden
                  | potential expressed]
  5360 | D:5      | Identified the +12 arbalest of the Nine Lives {elec, rPois
                  | Dex-3 Stlth+}
  5484 | D:5      | Reached skill level 1 in Hexes
  5800 | D:6      | Found a sand-covered staircase.
  5808 | Ossuary  | Entered an ossuary
  6016 | Ossuary  | Reached XP level 8. HP: 41/60 MP: 12/12
  6114 | Ossuary  | Slain by a mummy

Illustrated notes

Levels and vault maps discovered:
D:1:      psy_arrival_conway, layout_rooms
D:2:      layout_loops_cross, dreamdust_ecumenical_altar_statues, serial_shops,
          shop, corexii_corridor_pit, uniq_robin, uniq_terence
D:3:      layout_loops_ring, roderic_serpentine_path, uniq_natasha
D:4:      layout_loops_ring, minmay_temple_entry_hall, kennysheep_generic_room_5
D:5:      layout_basic, serial_curves, eino_curves_04, eino_curves_03,
          lightli_minifort
D:6:      layout_loops_ring, enter_ossuary_5, chequers_hall_statues_wall_a,
          lightli_corner_chamber, uniq_pikel
Ossuary:  ossuary_zaba_flooded

Skill      XL: |  1  2  3  4  5  6  7  8 |
---------------+-------------------------+-----
Stealth        | 2 3 |  3.3
Axes           | 3 |  3.7
Dodging        | 3 |  3.8
Fighting       | 4 |  4.1
Slings         | 1 2 3 4 |  4.8
Spellcasting   | 2 3 |  3.0
Hexes          | 4 |  4.0

Action                   |  1- 3 |  4- 6 |  7- 9 || total
-------------------------+-------+-------+-------++-------
Melee: Hand axe          |    33 |       |       ||    33
       Whip              |   102 |    54 |       ||   156
       War axe           |       |    54 |   104 ||   158
 Fire: Hunting sling     |       |    13 |    39 ||    52
Throw: Boomerang         |     4 |       |       ||     4
 Cast: Slow              |       |     4 |       ||     4
       Confusing Touch   |       |       |     3 ||     3
  Use: Potion            |       |     1 |     3 ||     4
       Scroll            |       |     3 |     3 ||     6
 Stab: Sleeping          |     4 |     3 |       ||     7
       Distracted        |       |     1 |     3 ||     4
       Confused          |       |       |     1 ||     1
Armor: Robe              |    36 |    18 |       ||    54
       Leather armour    |       |    32 |    29 ||    61
Dodge: Dodged            |    76 |    51 |    83 ||   210

Table legend: (Time is in decaauts)
 A = Elapsed time spent in this place.
 B = Non-inter-level travel time spent in this place.
 C = Inter-level travel time spent in this place.
 D = Time resting spent in this place.
 E = Time spent auto-exploring this place.
 F = Levels seen in this place.
 G = Mean time per level.
                   A        B        C        D        E       F      G
               +--------+--------+--------+--------+--------+-----+--------+
         Total |   6170 |   5820 |    350 |    938 |   3120 |   7 |  881.4 |
       Dungeon |   5836 |   5486 |    350 |    829 |   3120 |   6 |  972.7 |
       Ossuary |    333 |    333 |      0 |    109 |      0 |   1 |  333.0 |
               +--------+--------+--------+--------+--------+-----+--------+

Top non-repeatable levels by time:
     D:3: 1496 daAuts
     D:2: 1448 daAuts
     D:4: 1163 daAuts
     D:1: 906 daAuts
     D:5: 524 daAuts
 Ossuary: 333 daAuts
     D:6: 297 daAuts
